General information
- name: BNet
- type: Ladder team game (AT/RT)
- host: Battle.net
- saver: llllIIlIlllIlll
map: Deadlock
- players: 8
- length: 38:32
- speed: Fast
- version: 1.26 W3XP
- replay type: Public
» download(232 KB)
Players
team 1 (loser)
stupid-muslims (
orange | 47 APM | 982 actions | 20:40)
3 Death Knight
2 Death Coil
1 Unholy Aura
1 Crypt Lord
1 Impale
» actions
| Assign group hotkey | 19 | |
| Basic commands | 90 | |
| Build / train | 48 | |
| ESC pressed | 6 | |
| Enter build submenu | 16 | |
| Enter hero's abilities submenu | 4 | |
| Right click | 401 | |
| Select / deselect | 188 | |
| Select group hotkey | 150 | |
| Use ability | 60 | |
982 total
» units
| Acolyte | 9 | |
| Ghoul | 5 | |
| Crypt Fiend | 10 | |
24 total
» upgrades
| Creature Attack | 1 | |
| Creature Carapace | 1 | |
| Web | 1 | |
| Burrow | 1 | |
4 total
» buildings
| Altar of Darkness | 1 | |
| Crypt | 1 | |
| Ziggurat | 8 | |
| Graveyard | 1 | |
| Tomb of Relics | 1 | |
| Nerubian Tower | 3 | |
| Necropolis | 2 | |
| Halls of the Dead | 1 | |
| Spirit Tower | 3 | |
21 total
» build order
00:32 Altar of Darkness
00:36 Crypt
00:49 Ziggurat
01:09 Graveyard
01:22 Tomb of Relics
02:01 Ziggurat
02:09 Nerubian Tower
05:32 Necropolis
05:35 Ziggurat
05:36 Ziggurat
06:08 Halls of the Dead
06:40 Spirit Tower
06:44 Ziggurat
06:46 Ziggurat
08:01 Ziggurat
08:02 Ziggurat
08:07 Necropolis
08:54 Nerubian Tower
08:58 Spirit Tower
11:40 Spirit Tower
» items
| Rod of Necromancy | 2 | |
| Sacrificial Skull | 1 | |
| Potion of Healing | 1 | |
| Scroll of Town Portal | 1 | |
5 total

»
InternetPornGod (
yellow | 59 APM | 1214 actions | 20:44)
5 Death Knight
3 Death Coil
2 Unholy Aura
» actions
| Assign group hotkey | 12 | |
| Basic commands | 102 | |
| Build / train | 61 | |
| Enter build submenu | 14 | |
| Enter hero's abilities submenu | 5 | |
| Remove unit from queue | 1 | |
| Right click | 592 | |
| Select / deselect | 208 | |
| Select group hotkey | 188 | |
| Use ability | 31 | |
1214 total
» units
| Acolyte | 2 | |
| Ghoul | 13 | |
| Necromancer | 8 | |
| Abomination | 4 | |
| Banshee | 2 | |
29 total
» upgrades
| Unholy Strength | 3 | |
| Cannibalize | 1 | |
| Unholy Armor | 3 | |
| Necromancer Training | 2 | |
| Skeletal Longevity | 1 | |
| Skeletal Mastery | 1 | |
| Ghoul Frenzy | 1 | |
| Banshee Training | 2 | |
| Disease Cloud | 1 | |
15 total
» buildings
| Altar of Darkness | 1 | |
| Ziggurat | 5 | |
| Crypt | 1 | |
| Graveyard | 1 | |
| Nerubian Tower | 2 | |
| Tomb of Relics | 2 | |
| Halls of the Dead | 1 | |
| Black Citadel | 1 | |
| Temple of the Damned | 2 | |
| Slaughterhouse | 1 | |
| Spirit Tower | 2 | |
19 total
» build order
00:09 Altar of Darkness
00:14 Ziggurat
00:35 Crypt
01:02 Graveyard
01:25 Ziggurat
01:34 Nerubian Tower
02:17 Tomb of Relics
02:24 Ziggurat
02:29 Tomb of Relics
04:11 Halls of the Dead
05:03 Ziggurat
06:20 Ziggurat
06:46 Black Citadel
06:49 Temple of the Damned
09:11 Temple of the Damned
15:12 Slaughterhouse
18:52 Spirit Tower
18:53 Nerubian Tower
18:54 Spirit Tower
» items
| Scroll of Town Portal | 1 | |
| Orb of Corruption | 1 | |
| Scroll of Healing | 2 | |
4 total

»
ButtslapperBill (
blue | 91 APM | 1892 actions | 20:42)
5 Tauren Chieftain
3 Shockwave
2 Endurance Aura
4 Far Seer
2 Chain Lighting
2 Feral Spirit
2 Shadow Hunter
1 Healing Wave
1 Hex
» actions
| Assign group hotkey | 30 | |
| Basic commands | 8 | |
| Build / train | 75 | |
| Enter build submenu | 14 | |
| Enter hero's abilities submenu | 11 | |
| Remove unit from queue | 1 | |
| Right click | 687 | |
| Select / deselect | 300 | |
| Select group hotkey | 691 | |
| Use ability | 75 | |
1892 total
» units
| Peon | 18 | |
| Grunt | 4 | |
| Wind Rider | 4 | |
| Raider | 3 | |
| Troll Batrider | 5 | |
34 total
» upgrades
| Armor | 3 | |
| Melee Weapons | 3 | |
| Ranged Weapons | 3 | |
| Pillage | 1 | |
| Ensnare | 1 | |
| Envenomed Spears | 1 | |
12 total
» buildings
| Barracks | 1 | |
| Orc Burrow | 7 | |
| Altar of Storms | 1 | |
| Voodoo Lounge | 1 | |
| War Mill | 1 | |
| Great Hall | 1 | |
| Stronghold | 1 | |
| Beastiary | 2 | |
| Fortress | 1 | |
16 total
» build order
00:19 Barracks
00:34 Orc Burrow
01:13 Altar of Storms
01:29 Orc Burrow
02:40 Voodoo Lounge
03:19 War Mill
04:05 Great Hall
04:38 Stronghold
04:42 Orc Burrow
05:20 Orc Burrow
06:32 Orc Burrow
07:50 Beastiary
07:51 Beastiary
08:10 Orc Burrow
10:28 Fortress
15:04 Orc Burrow
» items
| Healing Salve | 3 | |
| Lesser Clarity Potion | 3 | |
| Potion of Mana | 1 | |
| Orb of Lightning | 1 | |
| Scroll of Speed | 1 | |
| Scroll of Town Portal | 2 | |
11 total
iloveurod- (
green | 68 APM | 2614 actions | 38:31)
9 Dark Ranger
3 Black Arrow
3 Silence
1 Charm
2 Life Drain
2 Death Knight
1 Animate Dead
1 Unholy Aura
» actions
| Assign group hotkey | 28 | |
| Basic commands | 8 | |
| Build / train | 80 | |
| Enter build submenu | 28 | |
| Enter hero's abilities submenu | 11 | |
| Give item / drop item | 6 | |
| Right click | 1062 | |
| Select / deselect | 329 | |
| Select group hotkey | 848 | |
| Use ability | 214 | |
2614 total
» units
| Peon | 22 | |
| Grunt | 4 | |
| Wind Rider | 8 | |
| Troll Batrider | 11 | |
| Obsidian Statue | 3 | |
48 total
» upgrades
| Ranged Weapons | 3 | |
| Armor | 2 | |
| Reinforced Defenses | 1 | |
| Envenomed Spears | 1 | |
| Destroyer Form | 1 | |
8 total
» buildings
| Altar of Storms | 1 | |
| Orc Burrow | 7 | |
| Barracks | 1 | |
| Voodoo Lounge | 1 | |
| Great Hall | 2 | |
| Stronghold | 2 | |
| War Mill | 1 | |
| Watch Tower | 51 | |
| Beastiary | 3 | |
| Fortress | 1 | |
| Spirit Tower | 1 | |
| Ziggurat | 2 | |
73 total
» build order
00:09 Altar of Storms
00:19 Orc Burrow
00:37 Barracks
01:23 Orc Burrow
02:13 Voodoo Lounge
03:07 Orc Burrow
04:20 Great Hall
04:25 Stronghold
04:25 Stronghold
04:33 War Mill
05:50 Great Hall
07:13 Watch Tower
07:14 Watch Tower
07:14 Watch Tower
07:15 Watch Tower
07:15 Watch Tower
07:17 Watch Tower
07:18 Watch Tower
08:11 Orc Burrow
08:59 Beastiary
09:07 Fortress
09:34 Beastiary
10:25 Watch Tower
10:26 Watch Tower
10:27 Watch Tower
10:29 Watch Tower
10:29 Watch Tower
10:31 Watch Tower
10:31 Watch Tower
10:54 Watch Tower
10:54 Watch Tower
10:55 Watch Tower
10:56 Watch Tower
13:10 Beastiary
13:47 Orc Burrow
14:49 Watch Tower
14:49 Watch Tower
16:30 Watch Tower
16:30 Watch Tower
16:30 Watch Tower
16:31 Watch Tower
16:36 Watch Tower
16:37 Watch Tower
20:04 Orc Burrow
20:04 Orc Burrow
20:34 Watch Tower
20:34 Watch Tower
20:34 Watch Tower
20:35 Watch Tower
20:35 Watch Tower
20:51 Spirit Tower
21:20 Watch Tower
21:20 Watch Tower
21:21 Watch Tower
21:21 Watch Tower
21:22 Watch Tower
21:53 Watch Tower
21:53 Watch Tower
22:25 Watch Tower
22:25 Watch Tower
22:26 Watch Tower
22:26 Watch Tower
22:27 Watch Tower
22:27 Watch Tower
22:27 Watch Tower
23:26 Watch Tower
23:26 Watch Tower
24:36 Ziggurat
24:36 Ziggurat
31:09 Watch Tower
31:09 Watch Tower
31:10 Watch Tower
31:10 Watch Tower
» items
| Healing Salve | 2 | |
| Rod of Necromancy | 1 | |
| Staff of Teleportation | 1 | |
| Potion of Lesser Invulnerability | 1 | |
| Orb of Lightning | 1 | |
| Scroll of Town Portal | 2 | |
8 total
team 2 (winner)
safas (
purple | 31 APM | 1179 actions | 38:31)
5 Dark Ranger
3 Black Arrow
2 Silence
4 Death Knight
2 Death Coil
2 Unholy Aura
» actions
| Basic commands | 20 | |
| Build / train | 93 | |
| Enter build submenu | 34 | |
| Enter hero's abilities submenu | 9 | |
| Give item / drop item | 4 | |
| Remove unit from queue | 4 | |
| Right click | 497 | |
| Select / deselect | 467 | |
| Use ability | 51 | |
1179 total
» units
| Acolyte | 28 | |
| Ghoul | 24 | |
| Razormane Medicine Man | 1 | |
53 total
» upgrades
| Cannibalize | 1 | |
| Unholy Strength | 1 | |
| Unholy Armor | 1 | |
| Ghoul Frenzy | 1 | |
| Creature Attack | 1 | |
| Creature Carapace | 1 | |
6 total
» buildings
| Ziggurat | 11 | |
| Crypt | 3 | |
| Altar of Darkness | 1 | |
| Nerubian Tower | 1 | |
| Halls of the Dead | 2 | |
| Graveyard | 3 | |
| Black Citadel | 1 | |
| Sacrificial Pit | 1 | |
| Necropolis | 5 | |
| Spirit Tower | 4 | |
| Tomb of Relics | 2 | |
34 total
» build order
00:09 Ziggurat
00:11 Crypt
01:02 Altar of Darkness
01:09 Nerubian Tower
01:31 Ziggurat
02:13 Ziggurat
02:42 Ziggurat
03:56 Halls of the Dead
04:48 Graveyard
06:36 Crypt
08:24 Black Citadel
09:16 Sacrificial Pit
11:14 Necropolis
12:52 Necropolis
13:52 Necropolis
15:37 Ziggurat
15:49 Ziggurat
16:32 Necropolis
17:29 Spirit Tower
20:28 Graveyard
20:31 Necropolis
21:37 Crypt
21:40 Graveyard
22:56 Ziggurat
22:59 Ziggurat
24:02 Spirit Tower
24:04 Ziggurat
26:41 Spirit Tower
29:17 Halls of the Dead
29:20 Tomb of Relics
29:48 Ziggurat
29:50 Ziggurat
30:13 Tomb of Relics
31:35 Spirit Tower
» items
| Circlet of Nobility | 5 | |
| Boots of Speed | 1 | |
| Periapt of Vitality | 2 | |
| Scroll of Town Portal | 3 | |
11 total

»
My.Fun.RT.Acct (
teal | 81 APM | 2334 actions | 28:53)
4 Far Seer
2 Feral Spirit
1 Far Sight
1 Chain Lighting
» actions
| Assign group hotkey | 33 | |
| Basic commands | 409 | |
| Build / train | 62 | |
| Enter build submenu | 31 | |
| Enter hero's abilities submenu | 4 | |
| Remove unit from queue | 4 | |
| Right click | 451 | |
| Select / deselect | 483 | |
| Select group hotkey | 757 | |
| Use ability | 100 | |
2334 total
» units
| Peon | 11 | |
| Troll Headhunter/Berserker | 17 | |
| Shaman | 3 | |
| Troll Witch Doctor | 8 | |
| Demolisher | 1 | |
40 total
» upgrades
| Ranged Weapons | 3 | |
| Troll Regeneration | 1 | |
| Shaman Training | 2 | |
| Witch Doctor Training | 2 | |
| Berserker Upgrade | 1 | |
| Armor | 2 | |
11 total
» buildings
| Orc Burrow | 13 | |
| Altar of Storms | 1 | |
| Voodoo Lounge | 1 | |
| War Mill | 1 | |
| Barracks | 2 | |
| Stronghold | 1 | |
| Fortress | 1 | |
| Spirit Lodge | 2 | |
| Watch Tower | 6 | |
| Great Hall | 1 | |
29 total
» build order
00:21 Orc Burrow
00:36 Altar of Storms
01:12 Orc Burrow
01:17 Voodoo Lounge
01:25 War Mill
01:51 Barracks
03:16 Stronghold
04:55 Orc Burrow
05:11 Orc Burrow
05:40 Fortress
05:43 Spirit Lodge
05:46 Spirit Lodge
06:43 Orc Burrow
07:00 Watch Tower
07:57 Barracks
08:30 Watch Tower
09:03 Orc Burrow
09:23 Orc Burrow
11:15 Watch Tower
11:18 Watch Tower
14:46 Watch Tower
14:48 Watch Tower
16:53 Orc Burrow
18:15 Orc Burrow
20:23 Orc Burrow
20:33 Orc Burrow
21:38 Orc Burrow
22:52 Orc Burrow
24:07 Great Hall
» items
| Scroll of Town Portal | 1 | |
| Periapt of Vitality | 1 | |
2 total
llllIIlIlllIlll (
pink | 65 APM | 2501 actions | 38:32)
4 Archmage
2 Summon Water Elemental
2 Brilliance Aura
4 Mountain King
2 Storm Bolt
2 Bash
» actions
| Assign group hotkey | 232 | |
| Basic commands | 221 | |
| Build / train | 88 | |
| Enter build submenu | 56 | |
| Enter hero's abilities submenu | 8 | |
| Give item / drop item | 2 | |
| Remove unit from queue | 4 | |
| Right click | 1159 | |
| Select / deselect | 473 | |
| Select group hotkey | 130 | |
| Use ability | 128 | |
2501 total
» units
| Peasant | 22 | |
| Footman | 5 | |
| Centaur Outrunner | 1 | |
| Harpy Rogue | 1 | |
| Razormane Medicine Man | 1 | |
| Dragonhawk Rider | 10 | |
| Gryphon Rider | 3 | |
43 total
» upgrades
| Masonry | 2 | |
| Lumber Harvesting | 2 | |
| Swords | 3 | |
| Armor | 3 | |
| Cloud | 1 | |
| Animal War Training | 1 | |
| Storm Hammers | 1 | |
13 total
» buildings
| Altar of Kings | 2 | |
| Barracks | 1 | |
| Farm | 11 | |
| Scout Tower | 23 | |
| Arcane Tower | 1 | |
| Lumber Mill | 3 | |
| Keep | 1 | |
| Town Hall | 4 | |
| Arcane Vault | 1 | |
| Guard Tower | 6 | |
| Blacksmith | 2 | |
| Castle | 1 | |
| Gryphon Aviary | 6 | |
62 total
» build order
00:49 Altar of Kings
00:51 Barracks
00:54 Farm
00:55 Altar of Kings
01:05 Farm
01:06 Farm
01:10 Farm
01:50 Scout Tower
02:03 Farm
02:22 Arcane Tower
03:06 Lumber Mill
03:50 Keep
04:35 Town Hall
04:49 Arcane Vault
04:53 Scout Tower
04:54 Scout Tower
04:55 Scout Tower
05:36 Guard Tower
06:04 Scout Tower
06:05 Scout Tower
06:09 Scout Tower
08:12 Guard Tower
08:20 Blacksmith
08:21 Blacksmith
09:13 Castle
09:19 Scout Tower
09:20 Scout Tower
09:21 Scout Tower
10:32 Gryphon Aviary
10:32 Gryphon Aviary
10:36 Guard Tower
11:41 Town Hall
11:44 Scout Tower
11:44 Scout Tower
11:45 Scout Tower
12:11 Farm
12:12 Farm
12:14 Farm
12:15 Farm
12:19 Lumber Mill
12:34 Guard Tower
12:46 Scout Tower
12:46 Scout Tower
12:48 Scout Tower
12:50 Scout Tower
14:01 Guard Tower
14:51 Scout Tower
14:54 Scout Tower
14:55 Scout Tower
14:57 Scout Tower
14:59 Scout Tower
16:31 Farm
16:32 Farm
16:39 Guard Tower
19:14 Town Hall
21:39 Gryphon Aviary
21:41 Gryphon Aviary
21:43 Gryphon Aviary
23:08 Lumber Mill
24:46 Town Hall
» items
| Boots of Speed | 1 | |
| Staff of Teleportation | 2 | |
| Scroll of Town Portal | 2 | |
| Periapt of Vitality | 2 | |
| Orb of Lightning | 1 | |
| Potion of Lesser Invulnerability | 1 | |
9 total
BLAZEFS (
red | 23 APM | 717 actions | 31:47)
4 Priestess of the Moon
2 Searing Arrows
2 Trueshot Aura
3 Keeper of the Grove
2 Entangling Roots
1 Thorns Aura
» actions
| Build / train | 78 | |
| Enter build submenu | 27 | |
| Enter hero's abilities submenu | 7 | |
| Remove unit from queue | 2 | |
| Right click | 279 | |
| Select / deselect | 273 | |
| Use ability | 51 | |
717 total
» units
| Wisp | 26 | |
| Archer | 15 | |
| Hippogryph | 12 | |
| Chimaera | 3 | |
| Druid of the Talon | 3 | |
59 total
» upgrades
| Improved Bows | 1 | |
| Hippogryph Taming | 1 | |
| Marksmanship | 1 | |
| Corrosive Breath | 1 | |
| Druid of the Talon Training | 1 | |
5 total
» buildings
| Altar of Elders | 1 | |
| Moon Well | 8 | |
| Ancient of War | 2 | |
| Hunter's Hall | 1 | |
| Tree of Life | 4 | |
| Tree of Ages | 1 | |
| Ancient Protector | 3 | |
| Ancient of Wind | 2 | |
| Tree of Eternity | 1 | |
| Chimaera Roost | 1 | |
24 total
» build order
00:07 Altar of Elders
00:13 Moon Well
00:21 Moon Well
01:34 Moon Well
02:21 Ancient of War
02:32 Ancient of War
04:40 Hunter's Hall
05:16 Tree of Life
05:41 Tree of Ages
06:32 Moon Well
08:06 Ancient Protector
08:13 Ancient of Wind
09:14 Ancient of Wind
11:02 Tree of Eternity
14:11 Chimaera Roost
14:57 Moon Well
15:09 Ancient Protector
15:15 Ancient Protector
16:00 Moon Well
16:45 Tree of Life
16:57 Moon Well
17:07 Moon Well
23:54 Tree of Life
25:07 Tree of Life
» items
Chat log
(00:23 / Allies) My.Fun.RT.Acct: sup
(00:27 / Allies) llllIIlIlllIlll: Hey
(00:29 / Allies) BLAZEFS: units?
(00:30 / Allies) llllIIlIlllIlll: I got my dick
(00:33 / Allies) llllIIlIlllIlll: in my hand
(00:41 / Allies) BLAZEFS: hey so do i
(00:41 / Allies) My.Fun.RT.Acct: always....
(00:42 / Allies) llllIIlIlllIlll: I trust this won't be ap roblem
(00:48 / Allies) My.Fun.RT.Acct: never
(00:54 / Allies) My.Fun.RT.Acct: if you didn't like your own dick that's a problem
(01:08 / Allies) My.Fun.RT.Acct: hmmmm.... I'm gonna go doc/sham/HH's
(01:21 / Allies) BLAZEFS: they might rush
(01:30 / Allies) My.Fun.RT.Acct: that's fine.... u and pink D up
(02:26 / Allies) BLAZEFS: lumber pls
(02:33 / Allies) BLAZEFS: ty
(02:35 / Allies) My.Fun.RT.Acct: np
(02:40 / Allies) llllIIlIlllIlll: lawl
(02:42 / Allies) llllIIlIlllIlll: I forgot to get my hero
(02:46 / Allies) llllIIlIlllIlll: shameful
(04:05 / Allies) My.Fun.RT.Acct: need help purp?
(07:28 / Allies) My.Fun.RT.Acct: i c
(07:50 / Allies) My.Fun.RT.Acct: back
(08:54 / Allies) My.Fun.RT.Acct: need to hit that
(10:37 / Allies) llllIIlIlllIlll: wood
(11:27 / Allies) My.Fun.RT.Acct: tp?
(11:29 / Allies) safas: tp?
(11:34 / Allies) My.Fun.RT.Acct: too late
(11:48 / Allies) llllIIlIlllIlll: wood
(12:56 / Allies) My.Fun.RT.Acct: get ready to tp here
(13:18 / Allies) safas: tp?
(13:22 / Allies) My.Fun.RT.Acct: yes
(13:22 / Allies) llllIIlIlllIlll: yes
(13:23 / Allies) llllIIlIlllIlll: yes
(16:33 / Allies) My.Fun.RT.Acct: pink... gold pls?
(16:46 / Allies) My.Fun.RT.Acct: u need units too pink
(16:54 / Allies) My.Fun.RT.Acct: tyty
(17:14 / Allies) My.Fun.RT.Acct: looks like green is feeding
(17:31 / Allies) My.Fun.RT.Acct: we need to hit
(18:37 / Allies) My.Fun.RT.Acct: follow and kill
(18:40 / Allies) My.Fun.RT.Acct: yup
(21:24 / Allies) safas: wood
(21:24 / All) My.Fun.RT.Acct: you know pink has cloud right? so towers are no good green
(22:16 / Allies) My.Fun.RT.Acct: lol
(22:21 / Allies) My.Fun.RT.Acct: u dying on purpose pink?
(22:29 / Allies) llllIIlIlllIlll: I don't want dhawks
(22:39 / Allies) My.Fun.RT.Acct: lol.... well... they are good for all his damn towers
(23:05 / Allies) llllIIlIlllIlll: wood
(23:15 / Allies) BLAZEFS: tp to my base if that fucker comes
(24:15 / Allies) My.Fun.RT.Acct: pink... kick me some gold pls
(24:29 / Allies) My.Fun.RT.Acct: ty purp
(24:41 / Allies) My.Fun.RT.Acct: that's y we need cloud
(24:53 / Allies) My.Fun.RT.Acct: omw with wards red
(25:14 / Allies) My.Fun.RT.Acct: pink
(26:03 / Allies) My.Fun.RT.Acct: towers red
(26:30 / Allies) My.Fun.RT.Acct: pink... get some hawks just for cloud pls
(26:43 / Allies) llllIIlIlllIlll: just charge it';s just one guy
(26:51 / Allies) My.Fun.RT.Acct: brt
(27:03 / Allies) My.Fun.RT.Acct: cloud would be good here... just saying....
(27:32 / Allies) My.Fun.RT.Acct: build like 3 hawks just for cloud
(27:46 / Allies) BLAZEFS: back
(27:58 / Allies) My.Fun.RT.Acct: pink... really?
(28:07 / Allies) My.Fun.RT.Acct: fuck u pink....
(28:08 / Allies) llllIIlIlllIlll: what
(28:08 / Allies) BLAZEFS: get the fuck back
(28:19 / Allies) My.Fun.RT.Acct: you were killing my guys and u fucking bailed!
(28:27 / All) iloveurod-: god im raping u guys
(28:28 / All) iloveurod-: 1v4
(28:29 / All) llllIIlIlllIlll: You don't have any evidence for these allegations
(28:37 / All) My.Fun.RT.Acct: no you're not.... pink is being a douche
(28:43 / All) iloveurod-: i stabbed my team
(28:44 / All) iloveurod-: its fair
(28:54 / Allies) BLAZEFS: im massing air
(29:03 / All) llllIIlIlllIlll: is that what you think?
(29:07 / All) iloveurod-: leave
(29:09 / All) iloveurod-: u embarasse dme
(29:19 / Allies) BLAZEFS: ok hes gone
(33:52 / All) llllIIlIlllIlll: just leave and make this easy on us purple
(34:10 / All) iloveurod-: just saved th ecitadel
(34:14 / All) iloveurod-: from cerberus
(34:22 / All) iloveurod-: shot udina's ga yass
(34:30 / All) llllIIlIlllIlll: I massacred the quarians becuase bioware has stupid options
(34:40 / All) llllIIlIlllIlll: I thought I was gonna get peace between the two
(34:43 / All) llllIIlIlllIlll: but you have to have tali alive
(36:19 / All) llllIIlIlllIlll: Teal was dumb
(36:31 / All) llllIIlIlllIlll: He awatched me sacrificed and then gave me wood afterwards
(36:41 / All) iloveurod-: sacrificed what
(36:45 / All) llllIIlIlllIlll: dhawks
(37:37 / All) iloveurod-: blue was trying really hard
(37:41 / All) llllIIlIlllIlll: lozl
(37:44 / All) llllIIlIlllIlll: I had a 4 merc army
(37:49 / Allies) llllIIlIlllIlll: or 3 merc
(37:51 / All) llllIIlIlllIlll: or 3 merc
(38:30 / All) iloveurod-: telling allies i have a spy on other team doesnt get them to stay i need to think of other statements